 Dungeon Sprint DCSS version 0.29.0-11-gd7f09526c8 (webtiles) character file.

Game seed: 6328779701153503379

223142 NinjaNoafa the End of an Era (level 18, -7/169 (179) HPs)
             Began as a Demonspawn Monk on Sept 6, 2022.
             Was the Champion of Qazlal.
             Mangled by a death scarab (16 damage)
             ... summoned by a royal mummy
             ... in the Dungeon (Sprint V: "Ziggurat Sprint") on Sept 7, 2022.
             The game lasted 00:30:54 (3430 turns).

NinjaNoafa the End of an Era (Demonspawn Monk)      Turns: 3430, Time: 00:30:55

HP:   -7/169 (179)  AC: 38    Str: 14    XL:     18   Next: 93%
MP:   0/37          EV: 22    Int: 18    God:    Qazlal [******]
Gold: 0             SH: 16    Dex: 33    Spells: 39/48 levels left

rFire   . . .      SeeInvis +   w - staff of air
rCold   + . .      Faith    .   (no shield)
rNeg    . . .      Spirit   +   O - +2 plate armour {rPois}
rPois   +          Reflect  .   G - +1 helmet {SInv}
rElec   +          Harm     .   (no cloak)
rCorr   .          Rampage  .   t - +1 pair of gloves {hurl}
Will    +....      NoTele   +   x - +0 pair of boots {Fly}
Stlth   ..........              X - brooch of Shielding {Spirit SH+8}
HPRegen 0.38/turn               s - +6 ring of dexterity
MPRegen 0.25/turn               N - ring of Qyunlu {rC+ Int+6 Dex+6 Stlth-}

@: sanguine armoured, flying, slowed, studying 4 skills, drained, repel
missiles, very slow
A: hooves 1, foul stench 1, sanguine armour 3, demonic magic 3, bedeviling,
screaming 1
a: Renounce Religion, Upheaval, Elemental Force, Disaster Area


You were in the Dungeon.
You worshipped Qazlal.
Qazlal was exalted by your worship.
You visited 1 branch

Inventory:

Hand Weapons
 r - the +10 dagger "Fadghousme" {flame, rC+}
   (You found it in the Dungeon)

   It burns those it strikes, dealing additional fire damage.
   rC:        It protects you from cold.
Missiles
 E - a throwing net (quivered)
Armour
 t - a +1 pair of gloves of hurling (worn)
 x - a +0 pair of boots of flying (worn)
 G - a +1 helmet of see invisible (worn)
 O - a +2 plate armour of poison resistance (worn)
Magical Staves
 w - a staff of air (weapon)
Jewellery
 s - a +6 ring of dexterity (left hand)
 N - the ring of Qyunlu (right hand) {rC+ Int+6 Dex+6 Stlth-}
   (You found it in the Dungeon)

   [ring of intelligence]

   Int:       It affects your intelligence (+6).
   Dex:       It affects your dexterity (+6).
   rC:        It protects you from cold.
   Stlth:     It makes you less stealthy.
 W - a ring of fire
 X - the brooch of Shielding (around neck) {Spirit SH+8}
   (You found it in the Dungeon)

   [amulet of guardian spirit]

   It causes incoming damage to be divided between your reserves of health and
   magic.
   SH:        It affects your SH (+8).
 Z - a ring of resist corrosion
Wands
 A - a wand of iceblast (7)
 B - a wand of light (7)
Scrolls
 h - 4 scrolls of blinking
 n - 4 scrolls of amnesia
 o - 8 scrolls of butterflies
 p - 5 scrolls of identify
 q - 2 scrolls of fear
 z - 2 scrolls of brand weapon
 M - 4 scrolls of enchant weapon
Potions
 b - a potion of ambrosia
 c - 10 potions of curing
 d - 9 potions of heal wounds
 e - 14 potions of haste
 f - a potion of magic
 g - 2 potions of berserk rage
 i - 2 potions of brilliance
 j - 2 potions of invisibility
 k - 4 potions of resistance
 m - 5 potions of might
Miscellaneous
 a - a phial of floods
 l - a phantom mirror
 u - a phantom mirror
 v - a lightning rod (4/4)
 y - a lightning rod (4/4)
 C - a box of beasts
 D - a lightning rod (4/4)
 F - a phial of floods
 H - a piece from Xom's chessboard (15/15)
 I - a phantom mirror
 J - a piece from Xom's chessboard (15/15)
 K - a tin of tremorstones (2/2)
 L - a condenser vane
 P - a box of beasts
 Q - a phantom mirror
 R - a lightning rod (4/4)
 S - a piece from Xom's chessboard (15/15)
 T - a phial of floods
 U - a condenser vane
 V - a phantom mirror
 Y - a phantom mirror


   Skills:
 - Level 25.9 Fighting
 - Level 23.1 Short Blades
 - Level 13.1(13.5) Polearms
 - Level 5.0(9.9) Staves
 - Level 16.4 Armour
 O Level 27 Dodging
 - Level 1.7 Stealth
 - Level 2.6 Unarmed Combat
 + Level 15.5 Spellcasting
 * Level 21.1 Conjurations
 * Level 23.6 Air Magic
 O Level 27 Invocations
 + Level 19.6 Evocations


You had 39 spell levels left.
You knew the following spells:

 Your Spells              Type           Power      Damage    Failure   Level
a - Lightning Bolt        Conj/Air       48%        1d69      1%          5
b - Summon Lightning Spi  Summ/Air       71%        N/A       8%          4

Your spell library contained the following spells:

 Spells                   Type           Power      Damage    Failure   Level
 Shock                    Conj/Air       100%       1d9       0%          1
 Static Discharge         Conj/Air       97%        3-16/arc  0%          2
 Foxfire                  Conj/Fire      100%       2x1d9     1%          1
 Magic Dart               Conj           100%       1d8       1%          1
 Poisonous Vapours        Pois/Air       100%       N/A       1%          2
 Swiftness                Air            99%        N/A       1%          3
 Airstrike                Air            49%        2d(8-24)  1%          4
 Conjure Ball Lightning   Conj/Air       48%        3x3d17    1%          6
 Dazzling Flash           Conj/Hex       100%       N/A       4%          3
 Stone Arrow              Conj/Erth      100%       3d13      4%          3
 Flame Wave               Conj/Fire      51%        2d13      13%         4
 Fulminant Prism          Conj/Hex       33%        3d16      13%         4
 Iskenderun's Mystic Bla  Conj/Tloc      51%        2d11      13%         4
 Sticky Flame             Conj/Fire      51%        2d7       13%         4
 Orb of Destruction       Conj           37%        9d11      14%         7
 Silence                  Hex/Air        45%        N/A       22%         5
 Corpse Rot               Necr/Pois/Air  59%        N/A       36%         4
 Irradiate                Conj/Tmut      25%        3d20      36%         5
 Maxwell's Capacitive Co  Air            49%        ∞         38%         8
 Beastly Appendage        Tmut           28%        N/A       71%         1
 Necrotise                Necr           56%        1d6       71%         1
 Sandblast                Erth           28%        2d8       71%         1
 Sting                    Tmut/Pois      56%        1d5       71%         1
 Summon Small Mammal      Summ           56%        N/A       71%         1
 Blink                    Tloc           28%        N/A       83%         2
 Ensorcelled Hibernation  Hex/Ice        42%        N/A       83%         2
 Passwall                 Tmut/Erth      11%        N/A       83%         2
 Scorch                   Fire           28%        2d6       83%         2
 Sublimation of Blood     Necr           14%        N/A       83%         2
 Iron Shot                Conj/Erth      25%        9d5       90%         6
 Starburst                Conj/Fire      25%        6d8       90%         6
 Call Canine Familiar     Summ           14%        N/A       97%         3
 Confusing Touch          Hex            21%        N/A       97%         3
 Gell's Gravitas          Tloc           14%        N/A       97%         3
 Ignite Poison            Fire/Tmut/Pois 14%        N/A       97%         3
 Inner Flame              Hex/Fire       21%        N/A       97%         3
 Spider Form              Tmut/Pois      14%        N/A       97%         3
 Summon Guardian Golem    Hex/Summ       21%        N/A       97%         3
 Vampiric Draining        Necr           14%        2d7       97%         3
 Anguish                  Hex/Necr       10%        N/A       100%        4
 Animate Armour           Summ/Erth      28%        N/A       100%        4
 Animate Dead             Necr           14%        N/A       100%        4
 Cause Fear               Hex            10%        N/A       100%        4
 Dispel Undead            Necr           14%        3d10      100%        4
 Olgreb's Toxic Radiance  Pois           14%        N/A       100%        4
 Petrify                  Tmut/Erth      14%        N/A       100%        4
 Summon Ice Beast         Ice/Summ       14%        N/A       100%        4
 Agony                    Necr           14%        N/A       100%        5
 Blade Hands              Tmut           7%         N/A       100%        5
 Borgnjor's Vile Clutch   Necr/Erth      7%         N/A       100%        5
 Lee's Rapid Deconstruct  Erth           7%         3d7*      100%        5
 Summon Forest            Summ/Tloc      7%         N/A       100%        5
 Summon Mana Viper        Hex/Summ       21%        N/A       100%        5
 Yara's Violent Unravell  Hex/Tmut       10%        3d6       100%        5
 Dispersal                Tloc           7%         N/A       100%        6
 Eringya's Noxious Bog    Tmut/Pois      7%         N/A       100%        6
 Simulacrum               Ice/Necr       7%         N/A       100%        6
 Summon Cactus Giant      Summ           7%         N/A       100%        6
 Dragon Form              Tmut           7%         N/A       100%        7
 Enfeeble                 Hex            10%        N/A       100%        7
 Malign Gateway           Summ/Tloc      7%         N/A       100%        7
 Ozocubu's Refrigeration  Ice            7%         4d9       100%        7
 Spellforged Servitor     Conj/Summ      25%        N/A       100%        7
 Storm Form               Tmut/Air       35%        N/A       100%        7
 Summon Hydra             Summ           7%         N/A       100%        7
 Discord                  Hex            10%        N/A       100%        8
 Disjunction              Tloc           7%         N/A       100%        8
 Ignition                 Fire           7%         3d4       100%        8
 Chain Lightning          Conj/Air       48%        3d64      100%        9
 Fire Storm               Conj/Fire      25%        8d7       100%        9
 Shatter                  Erth           7%         3d9*      100%        9


Dungeon Overview and Level Annotations

Branches:
Dungeon (1/1)

Altars:
Ashenzari
Cheibriados
Dithmenos
Fedhas
Gozag
Hepliaklqana
Kikubaaqudgha
Makhleb
Nemelex Xobeh
Okawaru
Qazlal
Ru
Sif Muna
Trog
Uskayaw
Vehumet
Wu Jian
Xom
Yredelemnul
Jiyva
Lugonu


Innate Abilities, Weirdness & Mutations

You have large cloven feet.
You may rarely emit foul miasma when damaged in melee.
When seriously injured, your blood forms very thick armour. (AC +12)
Spells you cast and wands you use may paralyse nearby enemies.
Your hexes are more powerful.
You occasionally shout uncontrollably at your foes.


Message History

The blast of rubble hits the royal mummy!!
The royal mummy is severely damaged.
The blast of rubble hits the death scarab!!
You destroy the death scarab!
The death scarab's corpse disappears in a puff of smoke!
The cutting wind hits the guardian mummy!!
The guardian mummy is heavily damaged.
Qazlal accepts your kill.
You feel a bit more experienced.
The cutting wind hits the royal mummy!!
The royal mummy is heavily damaged.
The cutting wind hits the ushabti!!!
You destroy the ushabti!
Qazlal accepts your kill.
The cutting wind hits the royal mummy!!!
The royal mummy is almost destroyed.
The cutting wind hits the death scarab!
The death scarab is heavily damaged.
You feel extremely nervous for a moment...
You feel horribly lethargic.
You feel as though you will be slow longer.
You feel extremely nervous for a moment...
Your body is wracked with pain!
* * * LOW HITPOINT WARNING * * *
You feel extremely nervous for a moment...
Your body is wracked with pain!
* * * LOW HITPOINT WARNING * * *
You feel extremely nervous for a moment...
Your body is wracked with pain!
* * * LOW HITPOINT WARNING * * *
You feel extremely nervous for a moment...
You feel numb.
You feel extremely nervous for a moment...
You feel homesick.
You feel extremely nervous for a moment...
You are engulfed in negative energy!
You feel drained. You block the death scarab's attack.
The death scarab completely misses you. You block the death scarab's attack.
The death scarab is engulfed in freezing vapours.
The death scarab bites you!
You die...

.)))...▓
))))...▓
..§§..≈.M§§§≈≈.
)...(..▓
..)..≈≈§§§§≈≈.9.
..(....▓
..M§.§§§≈§§=M§≈.
)......▓
.....§§§≈§MM....
..÷....▓
.≈≈.§..§MM.§§...
.......▓
.≈..§○.§§§≈§§...
.......▓
≈.....§.B≈..§.≈.
.....
.≈.≈.§.@B..§≈§..
.....
....≈○.☼B○..≈...
.....
.....§..○°≈.....
.≈...
...▓§.≈.≈.≈..▓≈.
..▓.≈
≈≈▓§▓§§.≈≈..▓.▓.
..≈≈≈
.≈.▓≈.§§.....▓..
...≈≈
...≈§§.≈≈≈......
.....
≈.≈§..≈...≈.≈≈..
.....
.......©.......


You could see 3 royal mummies, a guardian mummy and 3 death scarabs.

Vanquished Creatures
  An ancient lich (D)
  2 royal mummies (D)
  A Brimstone Fiend (D)
  7 electric golems (D)
  24 pandemonium lords (D)
  A deep elf master archer (D)
  2 Ice Fiends (D)
  8 liches (D)
  An Executioner (D)
  15 titans (D)
  A draconian monk (D)
  2 storm dragons (D)
  10 fire giants (D)
  A rockslime (D)
  A deep elf sorcerer (D)
  15 frost giants (D)
  2 draconian stormcallers (D)
  2 ghouls (D)
  A demonspawn corrupter (D)
  A reaper (D)
  2 demonspawn blood saints (D)
  2 draconian shifters (D)
  A draconian annihilator (D)
  3 vampire knights (D)
  6 black draconians (D)
  8 stone giants (D)
  7 green draconians (D)
  A demonspawn black sun (D)
  7 red draconians (D)
  6 purple draconians (D)
  4 blizzard demons (D)
  3 yellow draconians (D)
  4 white draconians (D)
  9 ettins (D)
  3 merfolk impalers (D)
  A yaktaur captain (D)
  2 merfolk javelineers (D)
  9 mummy priests (D)
  A deep elf high priest (D)
  3 ice dragons (D)
  17 vault guards (D)
  2 spriggan air magi (D)
  2 two-headed ogres (D)
  A merfolk avatar (D)
  A merfolk aquamancer (D)
  A dancing weapon (D)
  6 vampire magi (D)
  3 soul eaters (D)
  3 deep elf knights (D)
  4 skeletal warriors (D)
  A sun demon (D)
  A sixfirhy (D)
  2 deep elf archers (D)
  6 deep elf pyromancers (D)
  4 deep elf zephyrmancers (D)
  7 necromancers (D)
  2 ugly things (D)
  2 shining eyes (D)
  6 cyclopes (D)
  A manticore (D)
  3 toenail golems (D)
  3 water nymphs (D)
  2 smoke demons (D)
  An orange demon (D)
  2 rust devils (D)
  3 freezing wraiths (D)
  10 guardian mummies (D)
  5 ice devils (D)
  2 yaktaurs (D)
  4 rime drakes (D)
  2 hellwings (D)
  2 red devils (D)
  2 merfolk (D)
  A troll (D)
  5 polar bears (D)
  8 wind drakes (D)
  5 slime creatures (D)
  A snapping turtle (D)
  2 flying skulls (D)
  5 air elementals (D)
  A jumping spider (D)
  4 shadows (D)
  8 vampires (D)
  A water elemental (D)
  A ynoxinul (D)
  2 ushabtiu (D)
  2 golden eyes (D)
  A water moccasin (shapeshifter) (D)
  An ice beast (shapeshifter) (D)
  7 ice beasts (D)
  2 ogres (D)
  A centaur (D)
  5 necrophages (D)
  2 earth elementals (D)
  A scorpion (D)
  14 wights (D)
  A crimson imp (D)
  3 jellies (D)
  23 mummies (D)
  12 white imps (D)
  A spectral adder (D)
  2 adder zombies (D)
  4 adder skeletons (D)
  3 adder simulacra (D)
  A spectral bat (D)
  5 bat skeletons (D)
  A bat zombie (D)
  An endoplasm (D)
  3 ball python skeletons (D)
  7 ball python zombies (D)
  2 bat simulacra (D)
  2 giant cockroach zombies (D)
  A jackal skeleton (D)
  A jackal zombie (D)
  2 quokka skeletons (D)
  2 quokka zombies (D)
  A spectral quokka (D)
  7 ball lightnings (D)
458 creatures vanquished.

Vanquished Creatures (collateral kills)
  A pandemonium lord (D)
  A titan (D)
  A tarantella (D)
  A jumping spider (D)
4 creatures vanquished.

Vanquished Creatures (others)
  4 pandemonium lords (D)
  3 ball lightnings (D)
7 creatures vanquished.

Grand Total: 469 creatures vanquished

Notes
Turn   | Place    | Note
-------+----------+-------------------------------------------
     0 | D        | NinjaNoafa the Demonspawn Monk began the quest for the Orb.
     0 | D        | Reached XP level 1. HP: 18/18 MP: 1/1
     0 | D        | Found a shimmering blue altar of Sif Muna.
     0 | D        | Found a sacrificial altar of Ru.
     0 | D        | Found a bloodstained altar of Trog.
     0 | D        | Found a stormy altar of Qazlal.
     0 | D        | Found an iron altar of Okawaru.
     0 | D        | Found a sparkling altar of Nemelex Xobeh.
     0 | D        | Found a blossoming altar of Fedhas.
     0 | D        | Found the +6 Majin-Bo {vamp, MP+6 Int+6}
     0 | D        | Found the +9 heavy crossbow "Sniper" {vorpal, Acc+∞ SInv}
     0 | D        | Found the +10 dark maul {vorpal}
     0 | D        | Found the +15 Maxwell's patent armour {-Cast -Tele rElec
                  | Will+ rCorr}
     0 | D        | Found the +18 shield of the Gong {rElec rN+ Will+ EV-5}
     0 | D        | Found the +14 obsidian axe {vorpal, Mesm Drain Fly SInv}
     0 | D        | Found the +7 great mace "Firestarter" {inner flame, rF++}
     0 | D        | Found the +6 shillelagh "Devastator" {shatter}
     0 | D        | Found the +11 plutonium sword {Contam Stlth-}
     0 | D        | Found the +8 lance "Wyrmbane" {slay drac, rPois rF+ rC+
                  | AC+3}
     0 | D        | Found the +9 sword of Zonguldrok {reap}
     0 | D        | Found the +13 scythe of Curses {drain, Drain}
     0 | D        | Found the +5 sword of Power {vorpal}
     0 | D        | Found the +7 mace of Variability {chain chaos}
     0 | D        | Found the +7 Singing Sword {vorpal, sonic wave}
     0 | D        | Found the +8 storm bow {elec, penet}
     2 | D        | Found a transporter.
     2 | D        | Found an ancient bone altar of Kikubaaqudgha.
     2 | D        | Found a viscous altar of Jiyva.
     2 | D        | Found a corrupted altar of Lugonu.
     2 | D        | Found a hazy altar of Hepliaklqana.
     2 | D        | Found a burning altar of Makhleb.
     2 | D        | Found an opulent altar of Gozag.
    47 | D        | Became a worshipper of Qazlal Stormbringer
    47 | D        | Reached * piety under Qazlal
    47 | D        | Reached ** piety under Qazlal
    58 | D        | Gained mutation: You have large cloven feet. [demonic
                  | ancestry]
    58 | D        | Reached XP level 2. HP: 24/24 MP: 2/6
   172 | D        | Entered arena 2.
   172 | D        | Found a transporter.
   184 | D        | Entered arena 3.
   184 | D        | Noticed a toenail golem
   184 | D        | Noticed a toenail golem
   184 | D        | Noticed a toenail golem
   184 | D        | Found a transporter.
   194 | D        | Killed a toenail golem
   195 | D        | Reached XP level 3. HP: 29/29 MP: 5/13
   195 | D        | Gained mutation: Spells you cast may paralyse adjacent
                  | enemies. [demonic ancestry]
   195 | D        | Reached XP level 4. HP: 35/35 MP: 5/14
   195 | D        | Reached XP level 5. HP: 41/41 MP: 5/16
   195 | D        | Reached XP level 6. HP: 47/47 MP: 5/17
   197 | D        | Killed a toenail golem
   198 | D        | Reached XP level 7. HP: 52/52 MP: 5/20
   200 | D        | Killed a toenail golem
   201 | D        | Reached XP level 8. HP: 58/58 MP: 6/22
   275 | D        | Entered arena 4.
   275 | D        | Noticed a jumping spider
   275 | D        | Noticed a tarantella
   275 | D        | Noticed a jumping spider
   275 | D        | Found a transporter.
   276 | D        | Reached *** piety under Qazlal
   276 | D        | Killed a jumping spider
   277 | D        | Reached skill level 5 in Dodging
   278 | D        | Killed a tarantella
   280 | D        | Killed a jumping spider
   335 | D        | Entered arena 5.
   335 | D        | Noticed a cyan ugly thing
   335 | D        | Noticed a white ugly thing
   335 | D        | Found a transporter.
   337 | D        | Killed a white ugly thing
   337 | D        | Reached **** piety under Qazlal
   337 | D        | Killed a cyan ugly thing
   338 | D        | Reached XP level 9. HP: 63/63 MP: 17/25
   349 | D        | Got the +5 lajatang of Defos {vorpal, rPois Int+4 Dex+4}
   359 | D        | Entered arena 6.
   359 | D        | Noticed a two-headed ogre
   359 | D        | Noticed a troll
   359 | D        | Noticed a two-headed ogre
   359 | D        | Found a transporter.
   360 | D        | Killed a two-headed ogre
   361 | D        | Killed a troll
   369 | D        | Killed a two-headed ogre
   370 | D        | Reached skill level 5 in Staves
   370 | D        | Reached skill level 10 in Dodging
   370 | D        | Gained mutation: When seriously injured, your blood forms
                  | armour. (AC +12) [demonic ancestry]
   370 | D        | Reached XP level 10. HP: 51/70 MP: 17/26
   383 | D        | Got the +8 spear "Murmur" {spect, rF- rCorr Dex+4}
   394 | D        | Entered arena 7.
   395 | D        | Found a transporter.
   399 | D        | Reached ***** piety under Qazlal
   500 | D        | Entered arena 8.
   500 | D        | Found the +5 lochaber axe {reach-cleave, poleaxe}
   500 | D        | Noticed a rust devil
   500 | D        | Noticed a smoke demon
   500 | D        | Noticed Kaukhuco the pandemonium lord
   501 | D        | Found a transporter.
   502 | D        | Killed a rust devil
   502 | D        | Killed a smoke demon
   502 | D        | Killed Kaukhuco the pandemonium lord
   503 | D        | Reached skill level 5 in Evocations
   503 | D        | Gained mutation: When seriously injured, your blood forms
                  | thick armour. (AC +12) [demonic ancestry]
   503 | D        | Reached XP level 11. HP: 33/75 MP: 18/28
   700 | D        | Got the ring "Hoesetoi" {Fly rC+ Stlth+}
   709 | D        | Entered arena 9.
   710 | D        | Found a transporter.
   711 | D        | Reached ****** piety under Qazlal
   883 | D        | Got the Verses on Energetic Wanderlust
   883 | D        | Got the Guide on the Ghoulish Tempest
   886 | D        | Entered arena 10.
   888 | D        | Found a transporter.
   937 | D        | Got the ring of Qyunlu {rC+ Int+6 Dex+6 Stlth-}
   944 | D        | Got the amulet "Durexah" {Reflect rPois rC+ SH+5}
   946 | D        | Got the ring of Halips {Fly Int+3 Slay-5 SInv}
   955 | D        | Entered arena 11.
   956 | D        | Found a transporter.
   980 | D        | Got the ring of the Rose {Ice rElec rPois Will+}
   993 | D        | Entered arena 12.
   993 | D        | Noticed a soul eater
   993 | D        | Noticed a ghoul
   993 | D        | Noticed a soul eater
   993 | D        | Noticed a soul eater
   995 | D        | Killed a soul eater
   995 | D        | Killed a soul eater
   995 | D        | Killed a soul eater
   995 | D        | Killed a ghoul
   996 | D        | Reached skill level 27 in Invocations
  1033 | D        | Found a transporter.
  1040 | D        | Got the Vellum of Unhallowed Secrets and Permutations
  1045 | D        | Got Etanogiff's Octavo of Violent Shapes
  1059 | D        | Entered arena 13.
  1059 | D        | Noticed a skeletal warrior
  1059 | D        | Noticed a necromancer
  1059 | D        | Noticed a vampire mage
  1059 | D        | Noticed a vampire mage
  1060 | D        | Noticed a skeletal warrior
  1062 | D        | Noticed a vampire mage
  1064 | D        | Killed a necromancer
  1064 | D        | Killed a vampire mage
  1064 | D        | Killed a skeletal warrior
  1064 | D        | Killed a vampire mage
  1064 | D        | Killed a skeletal warrior
  1064 | D        | Killed a vampire mage
  1065 | D        | Reached XP level 12. HP: 42/81 MP: 20/29
  1235 | D        | Found a transporter.
  1244 | D        | Got Cigotuvi's Vademecum on Despicable Arts and Shaping
  1250 | D        | Got the Compendium of Elsewhere and Diablerie
  1260 | D        | Entered arena 14.
  1260 | D        | Noticed Fuppipus the pandemonium lord
  1260 | D        | Noticed Fiebb the pandemonium lord
  1261 | D        | Noticed an Executioner
  1261 | D        | Noticed a reaper
  1261 | D        | Noticed a Brimstone Fiend
  1261 | D        | Found the brooch of Shielding {Spirit SH+8}
  1262 | D        | Killed a reaper
  1262 | D        | Killed an Executioner
  1262 | D        | Killed Fiebb the pandemonium lord
  1262 | D        | Killed a Brimstone Fiend
  1263 | D        | Reached skill level 15 in Dodging
  1263 | D        | Reached skill level 15 in Evocations
  1269 | D        | Killed Fuppipus the pandemonium lord
  1270 | D        | Gained mutation: When seriously injured, your blood forms
                  | very thick armour. (AC +12) [demonic ancestry]
  1270 | D        | Reached XP level 13. HP: 33/86 MP: 17/30
  1491 | D        | Found a transporter.
  1511 | D        | Got the ring of Eternal Night {rPois EV+4 Str-3 Int+3}
  1542 | D        | Got the +10 dagger "Fadghousme" {flame, rC+}
  1561 | D        | Entered arena 15.
  1561 | D        | Noticed a merfolk impaler
  1562 | D        | Noticed a merfolk impaler
  1562 | D        | Noticed a merfolk impaler
  1562 | D        | Noticed a merfolk javelineer
  1562 | D        | Noticed a merfolk javelineer
  1564 | D        | Killed a merfolk impaler
  1564 | D        | Killed a merfolk impaler
  1564 | D        | Killed a merfolk javelineer
  1564 | D        | Killed a merfolk javelineer
  1564 | D        | Killed a merfolk impaler
  1600 | D        | Found a transporter.
  1657 | D        | Entered arena 16.
  1657 | D        | Noticed a rockslime
  1658 | D        | Gained mutation: You occasionally shout uncontrollably at
                  | your foes. [a shining eye]
  1660 | D        | Killed a rockslime
  1696 | D        | Found a transporter.
  1724 | D        | Entered arena 17.
  1726 | D        | Noticed a lich
  1727 | D        | Noticed a vampire knight
  1728 | D        | Identified the +6 hand axe of the Illusory Portals {speed,
                  | rElec rPois rF+ Int+3}
  1729 | D        | Killed a lich
  1729 | D        | Killed a vampire knight
  1730 | D        | Reached skill level 10 in Short Blades
  1767 | D        | Found a transporter.
  1777 | D        | Entered arena 18.
  1779 | D        | Identified the +6 chain mail of Zoxuosoi {Rampage rElec
                  | Str-4}
  1780 | D        | Noticed a lich
  1780 | D        | Noticed a vampire knight
  1780 | D        | Identified the amulet "Paekh" {Faith Str+4 Int+4}
  1781 | D        | Killed a lich
  1781 | D        | Killed a vampire knight
  1782 | D        | Gained mutation: Spells you cast may paralyse nearby
                  | enemies. [demonic ancestry]
  1782 | D        | Reached XP level 14. HP: 93/93 MP: 22/31
  1823 | D        | Found a transporter.
  1850 | D        | Got Sif Muna's Cyclopedia of Curses and Changing
  1861 | D        | Entered arena 19.
  1863 | D        | Noticed a vampire knight
  1864 | D        | Noticed a ghoul
  1865 | D        | Killed a vampire knight
  1866 | D        | Identified the amulet "Citzuig" {Faith Fly}
  1867 | D        | Found a transporter.
  1870 | D        | Killed a ghoul
  1978 | D        | Entered arena 20.
  1982 | D        | Identified the +1 flail of Qazlal's Grace {antimagic,
                  | Int+2}
  1982 | D        | Noticed a deep elf sorcerer
  1982 | D        | Identified the ring of Ryficien {Drain +Blink rElec rC+
                  | rN++}
  1984 | D        | Identified the ring "Qagat" {Str-5 Int+2 Dex+6 Slay+3
                  | Stlth+}
  1984 | D        | Noticed a deep elf master archer
  1984 | D        | Killed a deep elf sorcerer
  1984 | D        | Killed a deep elf master archer
  1985 | D        | Reached skill level 15 in Short Blades
  2022 | D        | Found a transporter.
  2037 | D        | Got Dirafeg's Parchment of the Shadowy Winter
  2044 | D        | Entered arena 21.
  2048 | D        | Noticed a titan
  2048 | D        | Noticed a storm dragon
  2048 | D        | Noticed an electric golem
  2049 | D        | Noticed an electric golem
  2049 | D        | Noticed a titan
  2049 | D        | Noticed an electric golem
  2049 | D        | Noticed an electric golem
  2049 | D        | Noticed an electric golem
  2049 | D        | Noticed a storm dragon
  2049 | D        | Noticed a titan
  2049 | D        | Noticed a titan
  2049 | D        | Paralysed by an air elemental for 1 turns
  2050 | D        | Killed a storm dragon
  2050 | D        | Killed a titan
  2050 | D        | Killed a titan
  2050 | D        | Killed an electric golem
  2050 | D        | Killed an electric golem
  2050 | D        | Noticed a titan
  2050 | D        | Noticed an electric golem
  2051 | D        | Noticed an electric golem
  2053 | D        | Paralysed by an air elemental for 1 turns
  2055 | D        | Killed a titan
  2055 | D        | Killed a titan
  2055 | D        | Killed an electric golem
  2055 | D        | Killed an electric golem
  2055 | D        | Killed an electric golem
  2055 | D        | Killed an electric golem
  2055 | D        | Killed an electric golem
  2056 | D        | Reached skill level 5 in Armour
  2056 | D        | Gained mutation: You may rarely emit foul miasma when
                  | damaged in melee. [demonic ancestry]
  2056 | D        | Reached XP level 15. HP: 69/122 MP: 10/32
  2061 | D        | Killed a storm dragon
  2063 | D        | Killed a titan
  2236 | D        | Found the macabre finger necklace {rN+}
  2237 | D        | Found a transporter.
  2256 | D        | Got the ring "Pyuvvod" {rC+ rN+}
  2303 | D        | Entered arena 22.
  2306 | D        | Noticed a lich
  2307 | D        | Noticed a lich
  2307 | D        | Noticed a lich
  2307 | D        | Noticed a lich
  2308 | D        | Noticed an ancient lich
  2308 | D        | Noticed a lich
  2308 | D        | Identified the +8 glaive of the Sheltering Gods {venom,
                  | Str+4}
  2308 | D        | Identified the +9 flail of Joirphiru {vamp, Fly Str+4}
  2308 | D        | Identified the +1 great mace "Qituoz" {drain, rC- rN+
                  | Int+2}
  2309 | D        | Noticed a lich
  2309 | D        | Killed a lich
  2309 | D        | Killed a lich
  2309 | D        | Killed a lich
  2309 | D        | Killed a lich
  2309 | D        | Killed a lich
  2309 | D        | Killed an ancient lich
  2309 | D        | Killed a lich
  2310 | D        | Reached skill level 10 in Armour
  2345 | D        | Found a transporter.
  2380 | D        | Entered arena 23.
  2384 | D        | Noticed Ninuola the pandemonium lord
  2385 | D        | Noticed Ajesipn the pandemonium lord
  2385 | D        | Noticed Kiggegif the pandemonium lord
  2385 | D        | Noticed Moheduis the pandemonium lord
  2385 | D        | Noticed Sauco the pandemonium lord
  2385 | D        | Noticed Cuomotui the pandemonium lord
  2385 | D        | Noticed Sothilem the pandemonium lord
  2385 | D        | Noticed Boqus the pandemonium lord
  2385 | D        | Noticed Migg the pandemonium lord
  2385 | D        | Noticed Notawie the pandemonium lord
  2386 | D        | Noticed Rizxip the pandemonium lord
  2386 | D        | Noticed Bodymure the pandemonium lord
  2386 | D        | Noticed Tiwop the pandemonium lord
  2386 | D        | Noticed Xazostif the pandemonium lord
  2386 | D        | Noticed Fedwipt the pandemonium lord
  2386 | D        | Noticed Pinuha the pandemonium lord
  2386 | D        | Noticed Mokh the pandemonium lord
  2386 | D        | Noticed Ympom the pandemonium lord
  2387 | D        | Noticed Zopunwe the pandemonium lord
  2387 | D        | Noticed Xufip the pandemonium lord
  2387 | D        | Killed Migg the pandemonium lord
  2387 | D        | Killed Sauco the pandemonium lord
  2387 | D        | Killed Kiggegif the pandemonium lord
  2387 | D        | Killed Pinuha the pandemonium lord
  2387 | D        | Killed Zopunwe the pandemonium lord
  2387 | D        | Noticed Risen the pandemonium lord
  2387 | D        | Noticed Dinnots the pandemonium lord
  2388 | D        | Reached XP level 16. HP: 150/150 MP: 24/33
  2388 | D        | Noticed Isicatem the pandemonium lord
  2391 | D        | Killed Cuomotui the pandemonium lord
  2391 | D        | Killed Rizxip the pandemonium lord
  2391 | D        | Killed Dinnots the pandemonium lord
  2391 | D        | Killed Xufip the pandemonium lord
  2391 | D        | Killed Notawie the pandemonium lord
  2391 | D        | Killed Ympom the pandemonium lord
  2391 | D        | Killed Xazostif the pandemonium lord
  2391 | D        | Killed Ninuola the pandemonium lord
  2391 | D        | Killed Boqus the pandemonium lord
  2391 | D        | Killed Fedwipt the pandemonium lord
  2391 | D        | Killed Bodymure the pandemonium lord
  2391 | D        | Killed Risen the pandemonium lord
  2391 | D        | Noticed Xyexa the pandemonium lord
  2392 | D        | Killed Isicatem the pandemonium lord
  2392 | D        | Killed Tiwop the pandemonium lord
  2393 | D        | Reached skill level 15 in Armour
  2399 | D        | Noticed Umoinac the pandemonium lord
  2400 | D        | Killed Jadiveta the pandemonium lord
  2400 | D        | Killed Moheduis the pandemonium lord
  2400 | D        | Killed Ajesipn the pandemonium lord
  2400 | D        | Killed Xyexa the pandemonium lord
  2401 | D        | Gained mutation: Spells you cast and wands you use may
                  | paralyse nearby enemies. [demonic ancestry]
  2401 | D        | Reached XP level 17. HP: 68/169 MP: 17/34
  2401 | D        | Killed Mokh the pandemonium lord
  2401 | D        | Killed Sothilem the pandemonium lord
  2402 | D        | Reached skill level 27 in Dodging
  2402 | D        | Killed Umoinac the pandemonium lord
  2694 | D        | Found a transporter.
  2733 | D        | Acquired a manual of Transmutations
  2754 | D        | Got the ring of Towoj {rPois rCorr Int-3 SInv}
  2785 | D        | Got the Codex of the Mountains and Weather
  2804 | D        | Entered arena 24.
  2810 | D        | Identified the +4 battleaxe of Infection {vamp, *Slow rPois
                  | rN+ Will++}
  2810 | D        | Identified the +11 dagger of the Wicked God {drain, *Rage
                  | MP+9 Int+7}
  2810 | D        | Identified the ring of Qeton {EV+4 Str+6}
  2812 | D        | Identified the +6 hand axe of Viul {flame, Will+ Int+4}
  2814 | D        | Identified the +8 short sword "Hiomoeda" {chaos, rN+ SInv}
  2897 | D        | Found a transporter.
  2906 | D        | Entered arena 25.
  2912 | D        | Noticed an Ice Fiend
  2914 | D        | Killed an Ice Fiend
  2915 | D        | Gained mutation: Your hexes are more powerful. [demonic
                  | ancestry]
  2915 | D        | Reached XP level 18. HP: 107/179 MP: 12/35
  2915 | D        | Noticed an Ice Fiend
  2916 | D        | Killed an Ice Fiend
  2917 | D        | Reached skill level 10 in Conjurations
  3080 | D        | Found a transporter.
  3104 | D        | Got the Encyclopedia of Ozone and Left-Handed Rituals
  3159 | D        | Learned a level 5 spell: Lightning Bolt
  3159 | D        | Entered arena 26.
  3169 | D        | Identified the amulet "Ufokhleth" {Spirit rF++ rC+ Slay+3}
  3172 | D        | Reached skill level 15 in Spellcasting
  3178 | D        | Found the +4 skin of Zhor {*Englaciate rC+++ SInv}
  3179 | D        | Found a transporter.
  3393 | D        | Got Waezuiba's Spellbook of Searing Blasts
  3413 | D        | Learned a level 4 spell: Summon Lightning Spire
  3413 | D        | Entered arena 27.
  3421 | D        | Noticed a royal mummy
  3423 | D        | Identified the +6 short sword of the Hairy God {vorpal,
                  | rF+}
  3423 | D        | Noticed a royal mummy
  3425 | D        | Killed a royal mummy
  3425 | D        | Noticed a royal mummy
  3426 | D        | Identified the +1 plate armour of Lightning Storm {-Cast
                  | rPois rCorr Dex+5}
  3426 | D        | Noticed a royal mummy
  3426 | D        | Noticed a royal mummy
  3426 | D        | Identified the +3 hand axe of the Enemy {antimagic, Fly rN+
                  | Dex-5 SInv}
  3426 | D        | Noticed a royal mummy
  3427 | D        | Identified the +3 bardiche "Trog's Vengeance" {vorpal, Fly
                  | rC- Str+6 Dex-3}
  3430 | D        | Killed a royal mummy
  3430 | D        | HP: 8/179 [torment (4)]
  3430 | D        | Mangled by a death scarab

Illustrated notes

Levels and vault maps discovered:
D:        sprint_v [room_start, room_1, room_2, room_3, room_4, room_5, room_6,
          room_7, room_8, room_9, room_10, room_11, room_12, room_13, room_14,
          room_15, room_16, room_17, room_18, room_19, room_20, room_21,
          room_22, room_23, room_24, room_25, room_26, room_27]

Skill      XL: |  1  2  3  4  5  6  7  8  9 10 11 12 13 14 15 16 17 18 |
---------------+-------------------------------------------------------+-----
Dodging        | 4 8 10 11 13 16 19 23 25 26 27 | 27.0
Invocations    | 7 17 19 21 24 25 26 27 | 27.0
Staves         | 5 |  5.0
Polearms       | 6 9 13 | 13.1
Evocations     | 5 11 15 19 | 19.6
Short Blades   | 12 18 20 22 23 | 23.1
Fighting       | 12 20 25 | 25.9
Armour         | 5 12 15 16 | 16.4
Spellcasting   | 6 13 15 | 15.5
Air Magic      | 20 23 | 23.6
Conjurations   | 9 21 | 21.1
Stealth        | |  1.7
Unarmed Combat | |  2.6

Action                   |  1- 3 |  4- 6 |  7- 9 | 10-12 | 13-15 | 16-18 || total
-------------------------+-------+-------+-------+-------+-------+-------++-------
Melee: Double sword      |     3 |     3 |     4 |       |       |       ||    10
       Kick              |     1 |     1 |     7 |     7 |       |       ||    16
       Lajatang          |       |       |     7 |       |       |       ||     7
       Spear             |       |       |       |    15 |       |       ||    15
       Punch             |       |       |       |     1 |       |       ||     1
       Dagger            |       |       |       |       |     9 |       ||     9
       Staff             |       |       |       |       |       |     1 ||     1
 Cast: Lightning Bolt    |       |       |       |       |       |     3 ||     3
       Summon Lightning  |       |       |       |       |       |     1 ||     1
Invok: Upheaval          |     3 |       |     5 |     2 |       |     1 ||    11
       Elemental Force   |       |       |     1 |     1 |       |     1 ||     3
       Disaster Area     |       |       |       |     6 |    11 |    13 ||    30
Evoke: Lightning rod     |       |       |       |     5 |       |     4 ||     9
       Phantom mirror    |       |       |       |     1 |     1 |     1 ||     3
       Tin of tremorston |       |       |       |       |     2 |       ||     2
       Box of beasts     |       |       |       |       |       |     1 ||     1
       Condenser vane    |       |       |       |       |       |     1 ||     1
       Piece from Xom's  |       |       |       |       |       |     1 ||     1
  Use: Potion            |     3 |       |       |       |     3 |    11 ||    17
       Scroll            |       |       |       |       |       |     1 ||     1
 Stab: Distracted        |       |       |       |       |     1 |       ||     1
Armor: Plate armour      |     3 |     2 |     2 |    12 |    18 |    16 ||    53
Dodge: Dodged            |       |     1 |     3 |     6 |    13 |    29 ||    52
       Repelled          |       |       |       |       |     3 |     7 ||    10
Block: Kite shield       |    12 |     4 |     4 |       |       |       ||    20
       Other             |       |       |     2 |     7 |    14 |    26 ||    49
